 Dungeon Crawl Stone Soup version 0.31.0-32-g396128a36d (webtiles) character file.

Game seed: 7121510951771898602

128 PaiMei the Grave Robber (level 4, -3/49 HPs)
             Began as a Demonspawn Necromancer on Apr 10, 2024.
             Slain by a river rat (6 damage)
             ... in a sewer.
             The game lasted 00:02:40 (2644 turns).

PaiMei the Grave Robber (Demonspawn Necromancer)    Turns: 2644, Time: 00:02:41

Health: -3/49      AC:  2    Str:  9    XL:     4   Next: 87%
Magic:  3/8        EV: 12    Int: 17    God:
Gold:   146        SH:  0    Dex: 13    Spells: 4/8 levels left

rFire   . . .        c - +0 short sword
rCold   . . .        (no shield)
rNeg    . . .        a - +0 robe
rPois   .            (helmet restricted)
rElec   .            (no cloak)
rCorr   .            (no gloves)
SInv    .            (no boots)
Will    .....        (no amulet) Stlth
                     (no ring)
HPRegen 0.28/turn    (no ring)
MPRegen 0.11/turn

%: no passive effects
@: berserking, very quick
A: horns 1, spiny 1
a: no special abilities


You were in a sewer.
You visited 1 branch of the dungeon, and saw 3 of its levels.
You also visited: Sewer.

You collected 146 gold pieces.

Inventory:

Hand Weapons
 c - a +0 short sword (weapon)
Armour
 a - a +0 robe (worn)
Jewellery
 l - an amulet of guardian spirit
Scrolls
 g - 2 scrolls of enchant armour {unknown}
 i - a scroll of revelation {unknown}
 j - 2 scrolls of teleportation {unknown}
 m - a scroll of vulnerability {unknown}
 n - 2 scrolls of summoning {unknown}
 o - a scroll of immolation {unknown}
Potions
 b - 2 potions of magic
 d - a potion of ambrosia {unknown}
 e - 2 potions of berserk rage
 f - 3 potions of enlightenment
 h - 2 potions of attraction {unknown}
 k - a potion of haste {unknown}


   Skills:
 + Level 1.9 Fighting
 + Level 2.7 Dodging
 - Level 2.0 Stealth
 + Level 2.9 Spellcasting
 + Level 5.0 Necromancy


You had 4 spell levels left.
You knew the following spells:

 Your Spells              Type           Power      Damage    Failure   Level
a - Necrotise             Necr           76%        1d7       2%          1
b - Vampiric Draining     Necr           19%        2d7       7%          3

Your spell library contained the following spells:

 Spells                   Type           Power      Damage    Failure   Level
 Shock                    Conj/Air       8%         1d3       19%         1
 Slow                     Hex            8%         N/A       19%         1
 Animate Dead             Necr           19%        N/A       22%         4
 Confusing Touch          Hex            2%         N/A       47%         3
 Sigil of Binding         Hex            2%         N/A       47%         3
 Swiftness                Air            2%         N/A       47%         3
 Airstrike                Air            1%         2d(1-17)  87%         4
 Curse of Agony           Necr           19%        N/A       52%         5


Dungeon Overview and Level Annotations

Branches:
Dungeon (3/15)              Sewer (1/1)

Altars:


Innate Abilities, Weirdness & Mutations

You have a pair of small horns on your head.
You are partially covered in sharp spines.


Message History

Aim: a river rat (almost dead, chance to affect: 84%)
The river rat barely resists.
The river rat bites you!
* * * LOW HITPOINT WARNING * * *
The river rat is struck by your spines. The river rat misses you.
Casting: Necrotise (safe; 2% risk of failure)
Confirm with . or Enter, or press ? or * to list all spells.
Aiming: Necrotise (safe; 2% risk of failure)
Press: ? - help, Shift-Dir - straight line, f/p - river rat
Aim: a river rat (almost dead, chance to affect: 84%)
The river rat writhes in agony.
You kill the river rat!
The dead are walking!
The river rat bites you.
* * * LOW HITPOINT WARNING * * *
You swap places.
The river rat bites your river rat skeleton.
The dart slug launches a dart at you.
The slug dart hits your river rat skeleton.
Your river rat skeleton bites the dart slug!
The river rat bites your river rat skeleton!
Your river rat skeleton is destroyed!
There is a large open door here.
It was a potion of berserk rage.
A red film seems to cover your vision as you go berserk!
You feel yourself moving faster!
You feel mighty!
You feel a strong urge to attack something.
The river rat bites you.
* * * LOW HITPOINT WARNING * * *
There is a large open door here.
You barely miss the river rat.
The river rat is lightly wounded.
The dart slug bites you.
* * * LOW HITPOINT WARNING * * *
You puncture the dart slug!
You kill the dart slug!
The river rat barely misses you.
You hit the river rat but do no damage.
The river rat is lightly wounded.
The river rat twitches its whiskers.
The river rat bites you.
You die...

#~≈~≈ #~≈~~ #~≈~# #~≈~# ######
###### #~≈~# #....# #....#
#~≈~#####''#####@'#####
#~~~~~.~.......†r....∩#
#.~~~.~..............∩# #~≈~#
#~≈~#####''#####''##### #.≈~#
#~≈~# #....# ....# #~≈~# #~≈~#
###### ###### #~≈~#
#~≈~#######################~≈~###
≈~≈~~.~~~~~~~~~~~~~~~~~.~.~~~~~~~
≈~≈≈≈≈≈≈≈≈≈≈≈≈≈≈≈≈≈≈≈≈≈≈≈≈≈≈≈≈≈≈≈


You could see a river rat.

Vanquished Creatures
  7 adders
  A river rat (Sewer)
  A dart slug (Sewer)
  2 ribbon worms (Sewer)
  6 ball pythons
  5 bats
  3 endoplasms
  5 giant cockroaches
  2 goblins (D:1)
  2 hobgoblins (D:1)
  4 jackals
  3 kobolds
  A quokka (Sewer)
  6 frilled lizards
  3 rats
51 creatures vanquished.

Vanquished Creatures (collateral kills)
  A rat (D:3)
1 creature vanquished.

Grand Total: 52 creatures vanquished

Notes
Turn   | Place    | Note
-------+----------+-------------------------------------------
     0 | D:1      | PaiMei the Demonspawn Necromancer began the quest for the
                  | Orb.
     0 | D:1      | Reached XP level 1. HP: 13/13 MP: 3/3
   176 | D:1      | Gained mutation: You are partially covered in sharp spines.
                  | [demonic ancestry]
   176 | D:1      | Reached XP level 2. HP: 19/19 MP: 1/5
  1134 | D:2      | Gained mutation: You have a pair of small horns on your
                  | head. [demonic ancestry]
  1134 | D:2      | Reached XP level 3. HP: 25/25 MP: 2/6
  1138 | D:2      | Learned a level 3 spell: Vampiric Draining
  1410 | D:2      | Reached skill level 1 in Fighting
  1951 | D:3      | Reached XP level 4. HP: 29/32 MP: 0/7
  2045 | D:3      | Found a glowing drain.
  2050 | Sewer    | Entered a sewer
  2499 | Sewer    | Reached skill level 5 in Necromancy
  2644 | Sewer    | Slain by a river rat

Illustrated notes

Levels and vault maps discovered:
D:1:      onia_arrival_mini_spirals, layout_rooms, serial_forest,
          infiniplex_forest_lined_1, infiniplex_forest_clump_double,
          infiniplex_forest_clump_double, infiniplex_forest_lined_corner,
          infiniplex_forest_clump_tiny, infiniplex_forest_lined_room_3,
          infiniplex_forest_clump_double, infiniplex_forest_straight_4,
          amcnicky_mini_corridor_feature, minmay_misc_feat_roman,
          serial_bayou_lake_a
D:2:      layout_basic, minmay_misc_feat_rows
D:3:      layout_basic, grunt_temple_overflow_open,
          mainiacjoe_sewer_entry_somewhere_in_here_1
Sewer:    sewer_fruit_machine

Skill      XL: |  1  2  3  4 |
---------------+-------------+-----
Stealth        | 2 |  2.0
Dodging        | 2 |  2.7
Fighting       | 1 |  1.9
Necromancy     | 5 |  5.0
Spellcasting   | |  2.9

Action                     |  1- 3 |  4- 6 || total
---------------------------+-------+-------++-------
  Melee: Unarmed           |     4 |       ||     4
         Short sword       |     4 |     9 ||    13
   Cast: Necrotise         |    56 |    33 ||    89
    Use: Potion            |       |     1 ||     1
 Armour: Robe              |     8 |    19 ||    27
  Dodge: Dodged            |    28 |    16 ||    44
